 Dungeon Crawl Stone Soup version 0.19-a0-1482-ga9fd55e (webtiles) character file.

11498 TheGoonsmith the Thaumaturge (level 11, -12/77 HPs)
             Began as a Demonspawn Wizard on Sept 7, 2016.
             Was a High Priest of Kikubaaqudgha.
             Mangled by Snorg (22 damage)
             ... on level 11 of the Dungeon.
             The game lasted 00:43:05 (16971 turns).

TheGoonsmith the Thaumaturge (Demonspawn Wizard)   Turns: 16971, Time: 00:43:05

Health: -12/77     AC:  3    Str:  7    XL:     11   Next: 50%
Magic:  19/23      EV: 24    Int: 22    God:    Kikubaaqudgha [*****.]
Gold:   1100       SH:  5    Dex: 17    Spells: 10 memorised, 0 levels left

rFire  . . .     SeeInvis +     e - +7 Spriggan's Knife {MR+ EV+4 Dex+4 Stlth+}
rCold  . . .     Gourm    .     a - +0 robe
rNeg   . . .     Faith    .     j - +0 buckler
rPois  .         Spirit   .     (helmet unavailable)
rElec  .         Dismiss  +     (no cloak)
rCorr  +         Reflect  .     u - +0 pair of gloves
MR     +....     Harm     .     (no boots)
Stlth  ++++++....               I - amulet of dismissal
                                v - ring of resist corrosion
                                y - +3 ring of evasion

@: no status effects
A: antennae 3, demonic guardian 1, nightstalker 2
a: Receive Corpses, Torment, Renounce Religion


You were on level 11 of the Dungeon.
You worshipped Kikubaaqudgha.
Kikubaaqudgha was extremely pleased with you.
You were hungry.

You visited 3 branches of the dungeon, and saw 15 of its levels.
You also visited: Ossuary.

You collected 1100 gold pieces.

Inventory:

Hand Weapons
 e - the +7 Spriggan's Knife (weapon) {MR+ EV+4 Dex+4 Stlth+}
   (You found it on level 4 of the Dungeon)

   It affects your evasion (+4).
   It affects your dexterity (+4).
   It affects your resistance to hostile enchantments.
   It makes you more stealthy.
 w - a +0 blowgun
 M - a +2 dagger of venom
Missiles
 n - 74 poisoned needles
 s - 2 needles of confusion
 C - 7 needles of sleeping
 W - a throwing net (quivered)
Armour
 a - a +0 robe (worn)
 j - a +0 buckler (worn)
 u - a +0 pair of gloves (worn)
Jewellery
 c - a cursed ring of loudness {unknown}
 p - an uncursed ring of fire
 v - a ring of resist corrosion (right hand)
 y - a +3 ring of evasion (left hand)
 I - an amulet of dismissal (around neck)
Wands
 f - a wand of flame (29/48)
 q - a wand of iceblast (8/15)
 E - a wand of confusion (30/48)
 G - a wand of teleportation (6/9)
 S - a wand of digging (13/24)
 T - a wand of lightning (8/15)
 U - a wand of flame (18/48)
 Y - a wand of heal wounds (4/9)
Scrolls
 g - 7 scrolls of remove curse
 o - a scroll of fear
 r - 3 scrolls of identify
 z - 7 scrolls of teleportation
 O - 2 scrolls of blinking
 Q - 2 scrolls of magic mapping
 X - 2 scrolls of recharging
Potions
 h - 3 potions of agility
 i - 3 potions of might
 l - 2 potions of berserk rage
 m - 2 potions of magic
 D - 4 potions of curing
 J - 5 potions of heal wounds
 K - a potion of haste
 L - a potion of invisibility
 N - 3 potions of flight
 V - 2 potions of cure mutation
Books
 b - a Young Poisoner's Handbook

   Spells                             Type                      Level
   a - Sting                          Conjuration/Poison           1
   b - Mephitic Cloud                 Conjuration/Poison/Air       3
   c - Olgreb's Toxic Radiance        Poison                       4
   d - Alistair's Intoxication        Transmutation/Poison         5
   e - Venom Bolt                     Conjuration/Poison           5
 t - a book of Misfortune

   Spells                             Type                      Level
   a - Confusing Touch                Hexes                        1
   b - Confuse                        Hexes                        3
   c - Gell's Gravitas                Hexes/Translocation          3
   d - Petrify                        Transmutation/Earth          4
   e - Metabolic Englaciation         Hexes/Ice                    5
   f - Yara's Violent Unravelling     Hexes/Transmutation          5
Comestibles
 d - 17 bread rations
 k - 23 fruits
 Z - 7 beef jerkies


   Skills:
 - Level 4.0 Fighting
 - Level 7.3 Short Blades
 - Level 6.9 Dodging
 - Level 4.1 Stealth
 - Level 4.0 Shields
 - Level 8.0 Spellcasting
 - Level 5.2 Conjurations
 - Level 1.0 Summonings
 + Level 7.5 Necromancy
 - Level 2.8 Translocations
 - Level 1.5 Fire Magic
 - Level 2.3 Air Magic
 - Level 2.0 Poison Magic


You couldn't memorise any spells.
You knew the following spells:

 Your Spells              Type           Power        Failure   Level  Hunger
a - Magic Dart            Conj           ####         1%          1    None
b - Call Imp              Summ           ##......     10%         2    None
c - Conjure Flame         Conj/Fire      ###.....     8%          3    None
d - Dispel Undead         Necr           #####...     12%         5    #####..
e - Blink                 Tloc           N/A          4%          2    None
f - Summon Butterflies    Summ           ##......     6%          1    None
g - Tukima's Dance        Hex            #.......     21%         3    None
r - Repel Missiles        Chrm/Air       ##....       10%         2    None
x - Mephitic Cloud        Conj/Pois/Air  ###.....     8%          3    None
z - Animate Dead          Necr           N/A          3%          4    ###....


Dungeon Overview and Level Annotations

Branches:
Dungeon (11/15)            Temple (1/1) D:4            Lair (3/6) D:9
  Swamp: Lair:2-4    Shoals: Lair:2-4     Snake: Lair:2-4    Spider: Lair:2-4
    Orc: D:9-12

Altars:
Ashenzari
Cheibriados
Dithmenos
Elyvilon
Fedhas
Gozag
Hepliaklqana
Kikubaaqudgha
Makhleb
Nemelex Xobeh
Okawaru
Qazlal
Ru
Sif Muna
Trog
Uskayaw
Vehumet
Xom
Yredelemnul
Zin
The Shining One

Annotations:
D:11 Snorg; Urug
Lair:2 SoulRipperAdri's ghost, novice MiBe
Lair:3 Lorskel's ghost, novice LOFi


Innate Abilities, Weirdness & Mutations

You have a pair of large antennae on your head. (SInv)
A weak demonic guardian rushes to your aid.
You are significantly more attuned to the shadows.


Message History

* * * LOW HITPOINT WARNING * * *
Snorg claws you!
* * * LOW HITPOINT WARNING * * *
Snorg closely misses you.
You swap places.
Snorg is engulfed in roaring flames.
Snorg bites your iron imp!!
Your iron imp dies!
Snorg is engulfed in roaring flames.
Snorg rages.
You swap places.
Snorg bites your white imp. Snorg claws your white imp!
Your white imp dies!
Okay, then.
Press: ? - help, v - describe, . - travel
Here: Snorg (almost dead, berserk, fast, unusually strong)
The floor, spattered with blood.
As you read the scroll of fear, it crumbles to dust.
You assume a fearsome visage.
Snorg easily resists.
The hill giant looks frightened!
The hound looks frightened!
Snorg bites you!!
You die...
Kikubaaqudgha rasps: "You have failed me!
Welcome... death!"

#.# #.# { #.# .. #(##### ...
... #.....## {#.# #####...
#......# #.# #....... #......#
#.# #o..#... #......#
#.###.####...... #......#
#....@T.ยงยง...##....#
#......# #####.####...##....#
#......### # #........##....#
#......(.#.# #......(.##....#
#.....(..#.# #...##...##....#
#####......# #..............#
#####)..#### ..########Z#..#
#..)().('... .....Z...#
#(###)Z.###################Z.#


You could see Snorg (berserk).

Vanquished Creatures
  An elephant (D:9)
  5 spiny frogs
  A komodo dragon (Lair:1)
  A polar bear (Lair:1)
  A shadow (D:9)
  2 wyverns
  2 yaks (Lair:1)
  3 hungry ghosts
  A steam dragon (D:7)
  5 hippogriffs
  Menkaure (D:7)
  An insubstantial wisp (D:7)
  6 water moccasins
  2 porcupines (Lair:1)
  3 ice beasts
  3 orc warriors
  4 sky beasts
  A necrophage (D:9)
  A phantom (D:7)
  6 ogres
  3 wolves (Lair:3)
  5 crocodiles
  7 centaurs
  7 giant frogs
  A gnoll sergeant (D:7)
  A scorpion (D:7)
  A wyvern skeleton (D:6)
  5 killer bees (D:7)
  A wight (D:7)
  7 howler monkeys
  A centaur zombie (D:8)
  A crimson imp (D:5)
  2 giant frog zombies
  4 centaur skeletons
  6 orc priests
  5 hounds
  A jelly (D:7)
  5 giant frog skeletons
  4 iguanas
  10 orc wizards
  9 worker ants
  8 mummies (Ossuary)
  2 worker ant zombies
  13 gnolls
  8 river rats
  9 adders
  2 shadow imps
  An ooze (D:2)
  2 adder skeletons
  A worm (D:3)
  A dart slug (D:3)
  10 giant geckos
  33 orcs
  A ball python (D:7)
  7 giant cockroaches
  7 goblins
  8 hobgoblins
  10 jackals
  9 quokkas
  6 bats
  2 giant gecko zombies
  7 giant newts
  3 hobgoblin zombies (Ossuary)
  A jackal zombie (D:7)
  9 kobolds
  3 kobold zombies (Ossuary)
  2 orc zombies (Ossuary)
  A quokka skeleton (D:3)
  8 rats
310 creatures vanquished.

Vanquished Creatures (collateral kills)
  A komodo dragon (Lair:1)
  A yak (Lair:1)
  A water moccasin (Lair:1)
  An insubstantial wisp (D:7)
  An orc warrior (D:6)
  2 sky beasts (D:7)
  An ice beast (D:8)
  A phantom (D:6)
  A wolf (Lair:3)
  3 centaurs
  2 orc wizards
  An iguana (D:8)
  3 orcs
  A giant cockroach (D:6)
20 creatures vanquished.

Vanquished Creatures (others)
  A fungus (Lair:2)
1 creature vanquished.

Grand Total: 331 creatures vanquished

Notes
Turn   | Place    | Note
-------+----------+-------------------------------------------
     0 | D:1      | TheGoonsmith the Demonspawn Wizard began the quest for the Orb.
     0 | D:1      | Reached XP level 1. HP: 13/13 MP: 4/4
   451 | D:1      | Gained mutation: A weak demonic guardian rushes to your aid. [demonic ancestry]
   451 | D:1      | Reached XP level 2. HP: 19/19 MP: 4/6
  1115 | D:1      | Gained mutation: You are slightly more attuned to the shadows. [demonic ancestry]
  1115 | D:1      | Reached XP level 3. HP: 24/24 MP: 4/7
  1647 | D:2      | Reached XP level 4. HP: 12/30 MP: 3/9
  2729 | D:3      | Reached XP level 5. HP: 35/35 MP: 2/10
  2932 | D:4      | Found a staircase to the Ecumenical Temple.
  3020 | Temple   | Entered the Ecumenical Temple
  3032 | Temple   | Became a worshipper of Kikubaaqudgha
  3269 | D:3      | Reached skill level 4 in Spellcasting
  3356 | D:4      | Reached skill level 5 in Conjurations
  3779 | D:4      | Gained mutation: You are significantly more attuned to the shadows. [demonic ancestry]
  3779 | D:4      | Reached XP level 6. HP: 26/41 MP: 5/12
  4229 | D:5      | Entered Level 5 of the Dungeon
  4234 | D:5      | Learned a level 3 spell: Conjure Flame
  4238 | D:5      | Learned a level 3 spell: Mephitic Cloud
  4241 | D:5      | Learned a level 2 spell: Repel Missiles
  4244 | D:5      | Learned a level 2 spell: Blink
  4247 | D:5      | Learned a level 2 spell: Call Imp
  4330 | D:5      | Found a deep blue altar of Sif Muna.
  4330 | D:5      | Found a glowing silver altar of Zin.
  4423 | D:5      | Reached * piety under Kikubaaqudgha
  4423 | D:5      | Identified Kikubaaqudgha's Handbook of Necromancy (Kikubaaqudgha gifted it to you on level 5 of the Dungeon)
  4423 | D:5      | Received a gift from Kikubaaqudgha
  5014 | D:5      | Reached skill level 5 in Spellcasting
  5190 | D:5      | Reached skill level 1 in Fighting
  5399 | D:6      | Noticed an orc warrior
  5453 | D:6      | Killed an orc warrior
  5453 | D:6      | Gained mutation: You have a pair of small antennae on your head. [demonic ancestry]
  5453 | D:6      | Reached XP level 7. HP: 18/50 MP: 11/14
  6292 | D:6      | Reached skill level 1 in Short Blades
  6362 | D:6      | Reached XP level 8. HP: 41/56 MP: 6/15
  6488 | D:6      | Reached skill level 1 in Translocations
  6584 | D:6      | Found a burning altar of Makhleb.
  6670 | D:6      | Got a bloodstained trident {drain}
  6971 | D:6      | Reached skill level 1 in Air Magic
  6971 | D:6      | Reached skill level 1 in Poison Magic
  7235 | D:7      | Identified the +9 trident of Podixtan {drain, Str-3 Int+7} (You took it off an orc on level 6 of the Dungeon)
  7278 | D:7      | Found a sand-covered staircase.
  7283 | Ossuary  | Entered an ossuary
  7323 | Ossuary  | Reached ** piety under Kikubaaqudgha
  8134 | D:7      | Reached skill level 6 in Spellcasting
  8404 | D:7      | Reached skill level 7 in Spellcasting
  8404 | D:7      | Reached XP level 9. HP: 22/61 MP: 12/19
  8412 | D:7      | Gained mutation: You are robust. (+10% HP) [potion of mutation]
  8412 | D:7      | Gained mutation: Armour fits poorly on your strangely shaped body. [potion of mutation]
  8412 | D:7      | Gained mutation: You are clumsy. (Dex -2) [potion of mutation]
  8903 | D:7      | Noticed Menkaure
  8923 | D:7      | Killed Menkaure
  9086 | D:7      | Reached skill level 8 in Spellcasting
  9163 | D:7      | Reached skill level 1 in Fire Magic
  9210 | D:7      | Reached skill level 1 in Shields
  9397 | D:7      | Found a hide-covered altar of Uskayaw.
  9605 | D:7      | Reached *** piety under Kikubaaqudgha
  9605 | D:7      | Identified Kikubaaqudgha's Incunabulum of Black Rites (Kikubaaqudgha gifted it to you on level 7 of the Dungeon)
  9605 | D:7      | Received a gift from Kikubaaqudgha
  9911 | D:8      | Learned a level 4 spell: Animate Dead
 10859 | D:8      | Gained mutation: You have a pair of antennae on your head. [demonic ancestry]
 10859 | D:8      | Reached XP level 10. HP: 58/73 MP: 18/22
 10953 | D:8      | Gained mutation: Potions and wands are less effective at restoring your health. [potion of mutation]
 10953 | D:8      | Gained mutation: You occasionally shout uncontrollably at your foes. [potion of mutation]
 10954 | D:8      | Gained mutation: You are very clumsy. (Dex -4) [potion of mutation]
 10954 | D:8      | Gained mutation: Your magical capacity is low. (-10% MP) [potion of mutation]
 11524 | D:9      | Found a staircase to the Lair.
 11525 | D:9      | Noticed an elephant
 11532 | D:9      | Reached **** piety under Kikubaaqudgha
 11760 | D:9      | Reached skill level 5 in Short Blades
 11767 | D:9      | Killed an elephant
 11875 | D:9      | Lost mutation: You are robust. (+10% HP) [potion of cure mutation]
 11875 | D:9      | Lost mutation: Your magical capacity is low. (-10% MP) [potion of cure mutation]
 12062 | D:9      | Reached skill level 1 in Necromancy
 12519 | D:10     | Entered Level 10 of the Dungeon
 12653 | D:10     | Gained mutation: You are covered in fur. (AC +1) [mutagenic meat]
 12656 | D:10     | Gained mutation: You possess an exceptional clarity of mind. [mutagenic meat]
 12659 | D:10     | Gained mutation: You can translocate small distances at will. [mutagenic meat]
 12662 | D:10     | Gained mutation: Your system is resistant to poisons. (rPois) [mutagenic meat]
 12799 | D:10     | Reached skill level 5 in Necromancy
 13138 | D:10     | Gained mutation: You evolve. [mutagenic meat]
 13141 | D:10     | Gained mutation: You have large cloven feet. [mutagenic meat]
 13278 | Lair:1   | Entered Level 1 of the Lair of Beasts
 13306 | Lair:1   | Learned a level 1 spell: Summon Butterflies
 13310 | Lair:1   | Learned a level 3 spell: Tukima's Dance
 13375 | Lair:1   | Reached skill level 5 in Dodging
 13405 | Lair:1   | Gained mutation: Your muscles are strong. (Str +2) [evolution]
 13405 | Lair:1   | Lost mutation: You evolve. [end of evolution]
 13823 | Lair:1   | Noticed a spiny frog
 13844 | Lair:1   | Killed a spiny frog
 13926 | Lair:1   | Gained mutation: You have a pair of large antennae on your head. (SInv) [demonic ancestry]
 13926 | Lair:1   | Reached XP level 11. HP: 27/72 MP: 15/23
 13944 | Lair:1   | Reached ***** piety under Kikubaaqudgha
 15712 | Lair:2   | Noticed SoulRipperAdri's ghost (novice MiBe)
 15900 | Lair:1   | Learned a level 5 spell: Dispel Undead
 16103 | Lair:2   | Lost mutation: You have large cloven feet. [potion of cure mutation]
 16103 | Lair:2   | Lost mutation: Your muscles are strong. (Str +2) [potion of cure mutation]
 16103 | Lair:2   | Lost mutation: You possess an exceptional clarity of mind. [potion of cure mutation]
 16103 | Lair:2   | Lost mutation: You can translocate small distances at will. [potion of cure mutation]
 16103 | Lair:2   | Lost mutation: You are very clumsy. (Dex -4) [potion of cure mutation]
 16103 | Lair:2   | Lost mutation: You occasionally shout uncontrollably at your foes. [potion of cure mutation]
 16104 | Lair:2   | Lost mutation: Armour fits poorly on your strangely shaped body. [potion of cure mutation]
 16104 | Lair:2   | Lost mutation: Potions and wands are less effective at restoring your health. [potion of cure mutation]
 16104 | Lair:2   | Lost mutation: Your system is resistant to poisons. (rPois) [potion of cure mutation]
 16104 | Lair:2   | Lost mutation: You are covered in fur. (AC +1) [potion of cure mutation]
 16104 | Lair:2   | Lost mutation: You are clumsy. (Dex -2) [potion of cure mutation]
 16418 | Lair:3   | Noticed Lorskel's ghost (novice LOFi)
 16950 | D:11     | Noticed Snorg
 16963 | D:11     | Noticed a hill giant
 16965 | D:11     | Noticed Urug
 16971 | D:11     | Mangled by Snorg

Vault maps used:
D:1:      dpeg_arrival_rooms_b
D:4:      first_bread
D:5:      gammafunk_temple_overflow_elements
D:6:      bloody_makhleb
D:7:      eat_drink_and_be_merry_uskayaw, enter_ossuary_5, hangedman_misty_isle,
          uniq_menkaure
D:8:      grunt_ogre_cave
D:9:      david_lair_generic
D:11:     uniq_snorg, uniq_urug, uniq_psyche
Temple:   nicolae_temple_no_exploring_needed
Lair:1:   grunt_megastairs_3, serial_bayou_shore_b
Lair:2:   minmay_stone_trees_medium, lemuel_fruit_fields, lemuel_fruit_tree
Lair:3:   spider_nest_entry_a
Ossuary:  ossuary_tomb_3

Skill      XL: |  1  2  3  4  5  6  7  8  9 10 11 |
---------------+----------------------------------+-----
Conjurations   | 2 3 4 5 |  5.2
Spellcasting   | 4 5 7 8 |  8.0
Fighting       | 2 4 |  4.0
Dodging        | 2 4 6 |  6.9
Short Blades   | 2 4 6 7 |  7.3
Translocations | 2 |  2.8
Air Magic      | 2 |  2.3
Poison Magic   | 2 |  2.0
Fire Magic     | 1 |  1.5
Shields        | 4 |  4.0
Stealth        | 4 |  4.1
Necromancy     | 6 7 |  7.5
Summonings     | |  1.0

Action                   |  1- 3 |  4- 6 |  7- 9 | 10-12 || total
-------------------------+-------+-------+-------+-------++-------
Melee: Mace              |    23 |     3 |       |       ||    26
       Unarmed           |     2 |       |       |       ||     2
       Knife             |       |    51 |   220 |   442 ||   713
       Kick              |       |       |       |    52 ||    52
 Cast: Magic Dart        |    88 |   197 |   344 |   366 ||   995
       Conjure Flame     |       |     2 |     5 |     6 ||    13
       Mephitic Cloud    |       |     1 |     5 |    12 ||    18
       Repel Missiles    |       |     1 |     1 |     2 ||     4
       Animate Dead      |       |       |       |     5 ||     5
       Call Imp          |       |       |       |     4 ||     4
       Blink             |       |       |       |     1 ||     1
  Use: Scroll            |       |     6 |     8 |    11 ||    25
       Potion            |       |       |     4 |     5 ||     9
 Stab: Sleeping          |       |     1 |       |     4 ||     5
       Confused          |       |     1 |     2 |     3 ||     6
       Distracted        |       |       |     1 |     3 ||     4
  Eat: Chunk             |     2 |    12 |    16 |    19 ||    49
       Royal jelly       |       |       |     1 |     1 ||     2
       Beef jerky        |       |       |     1 |       ||     1
       Meat ration       |       |       |       |     1 ||     1
Armor: Robe              |     9 |    11 |    14 |    19 ||    53
       Leather armour    |       |       |     1 |       ||     1
       Skin              |       |       |    21 |       ||    21
Dodge: Dodged            |    62 |    58 |   201 |   427 ||   748
       Deflected         |       |       |     1 |     6 ||     7
Block: Buckler           |       |       |    15 |   112 ||   127
